Map: Lost and Found LE

Players

Vrajitoru

  • Race: Zerg Zerg
  • League: Silver
  • Spawn Location: 7:00

A.I. 1 (Very Hard) - Winner!

  • Race: Protoss Protoss
  • Spawn Location: 1:00

VOD

Have the link to the VOD?

Description

Time

  • Played on: Aug. 12, 2018, 9:34 a.m.
  • Length: 14:02
Show
View Real Time Build Order
Export as new Build Order

Vrajitoru Zerg 

Build Orders: Hatch First 

Get SALT Encoding   

  12  0:03  Drone  
  13  0:12  Overlord  
  13  0:18  Drone  
  14  0:33  Drone x2  
  16  0:40  Drone  
  17  1:00  Hatchery  
  17  1:04  Drone x2  
  18  1:16  Spawning Pool  
  18  1:17  Extractor  
  18  1:18  Drone  
  17  1:21  Drone  
  18  1:28  Overlord  
  18  1:46  Drone  
  19  1:52  Drone  
  20  2:05  Drone  
  20  2:08  Queen  
  23  2:13  Drone  
  23  2:14  Drone  
  25  2:26  Zergling x2  
  26  2:32  Drone  
  26  2:35  Drone  
  28  2:37  Queen  
  30  2:45  Lair  
  30  2:53  Drone  
  31  3:07  Zergling x4  
  31  3:11  Overlord x2  
  31  3:12  Overlord  
  32  3:39  Queen  
  34  3:42  Queen  
  36  3:49  Hydralisk Den  
  36  3:51  Extractor  
  36  3:53  Drone x2  
  36  3:54  Drone  
  37  4:22  Overseer  
  37  4:26  Muscular Augments  
  37  4:28  Hydralisk  
  37  4:31  Hydralisk  
  41  4:51  Hydralisk  
  43  4:53  Hydralisk  
  45  5:05  Drone  
  45  5:06  Drone x2  
  48  5:11  Overlord x3  
  48  5:21  Overseer  
  48  5:22  Hydralisk  
  48  5:23  Hydralisk  
  52  5:43  Drone x3  
  52  5:48  Extractor  
  54  6:06  Grooved Spines  
  54  6:11  Evolution Chamber  
  53  6:13  Evolution Chamber  
  52  6:27  Drone  
  52  6:28  Drone x2  
  52  6:32  Drone x3  
  58  6:50  Spine Crawler  
  58  6:52  Spine Crawler  
  56  7:06  Hydralisk x2  
  56  7:07  Hydralisk x3  
  66  7:09  Hydralisk x2  
  70  7:16  Overlord x3  
  70  7:43  Metabolic Boost  
  70  7:47  Zerg Missile Weapons Level 1  
  70  7:48  Zerg Ground Armor Level 1  
  70  7:50  Hydralisk x2  
  70  7:51  Hydralisk  
  74  7:54  Zergling x6  
  79  8:42  Infestation Pit  
  79  8:47  Drone  
  79  8:48  Drone x2  
  81  8:49  Drone x2  
  81  8:50  Drone  
  84  8:58  Overlord x2  
  84  9:00  Overlord  
  84  9:37  Hatchery  
  83  9:42  Spine Crawler  
  83  9:43  Spine Crawler  
  81  9:51  Spore Crawler  
  80  10:00  Spore Crawler  
  77  10:09  Hydralisk  
  77  10:10  Hydralisk x6  
  77  10:11  Hydralisk x2  
  60  10:46  Zergling x10  
  60  10:47  Zergling x2  
  66  11:07  Drone x2  
  66  11:10  Drone x2  
  63  11:50  Spine Crawler  
  62  12:05  Drone x2  
  62  12:06  Drone  
  65  12:11  Spine Crawler  
  64  12:30  Spine Crawler  
  63  12:55  Queen x3  
  69  12:58  Overlord  
  69  12:59  Overlord x3  
  69  13:00  Overlord x2  
  64  13:20  Hydralisk x4  
  64  13:21  Hydralisk x6  
  76  13:35  Hydralisk x2  
Show
View Real Time Build Order
Export as new Build Order

A.I. 1 (Very Hard) Protoss - Winner!

Build Orders: Zealot Archon 

Get SALT Encoding   

  12  0:00  Probe  
  13  0:13  Probe  
  14  0:20  Pylon  
  14  0:25  Probe  
  15  0:34  Probe  
  15  0:42  Probe  
  16  0:48  Assimilator  
  17  0:50  Gateway  
  17  0:51  Probe  
  18  0:59  Pylon, Probe  
  19  1:07  Probe  
  20  1:18  Probe  
  21  1:30  Probe  
  22  1:37  Zealot  
  24  1:42  Probe  
  25  1:47  Nexus  
  25  1:59  Cybernetics Core  
  25  2:09  Gateway  
  25  2:18  Pylon  
  25  2:19  Zealot  
  27  2:23  Probe  
  27  2:27  Warp Gate  
  28  2:35  Assimilator, Probe  
  29  2:46  Adept  
  29  2:47  Probe  
  29  2:48  Adept  
  34  2:59  Pylon, Probe  
  34  3:00  Probe  
  36  3:13  Adept, Sentry  
  41  3:27  Probe  
  41  3:36  Gateway  
  41  3:37  Probe, Stalker  
  41  3:39  Stalker  
  46  3:45  Probe  
  47  3:54  Probe  
  48  3:57  Probe, Stalker  
  49  4:06  Probe  
  49  4:09  Probe, Stalker  
  55  4:18  Probe  
  55  4:22  Probe  
  57  4:30  Probe, Stalker  
  57  4:31  Pylon  
  60  4:34  Probe  
  60  4:38  Pylon  
  61  4:48  Stalker  
  61  4:49  Probe x2, Stalker  
  67  4:55  Stalker  
  69  5:01  Pylon, Probe x2  
  71  5:09  Probe  
  71  5:11  Pylon  
  71  5:12  Stalker x2  
  71  5:13  Probe  
  77  5:17  Probe  
  77  5:19  Stalker  
  80  5:25  Probe  
  80  5:27  Pylon, Probe  
  81  5:35  Stalker x2  
  86  5:37  Probe  
  86  5:39  Probe, Stalker  
  90  5:46  Twilight Council  
  90  5:49  Probe  
  91  5:57  Pylon  
  91  5:58  Stalker x2  
  91  6:00  Assimilator  
  91  6:03  Assimilator  
  95  6:15  Zealot  
  97  6:19  Pylon  
  97  6:26  Templar Archives  
  97  6:37  Forge  
  97  6:41  Forge  
  97  6:44  Pylon  
  97  6:58  Zealot  
  97  6:59  Sentry  
  101  7:03  High Templar  
  103  7:11  Robotics Facility  
  103  7:14  Gateway  
  103  7:16  Photon Cannon  
  103  7:17  High Templar  
  103  7:20  Pylon  
  105  7:29  Zealot  
  107  7:35  Archon, High Templar  
  109  7:38  Nexus  
  109  7:39  Zealot  
  111  7:44  Pylon  
  111  7:46  Photon Cannon  
  111  7:48  Photon Cannon  
  111  7:49  Sentry  
  113  7:55  Warp Prism  
  113  8:00  High Templar  
  117  8:05  Archon  
  117  8:06  Gateway  
  117  8:08  High Templar  
  117  8:11  Pylon  
  119  8:14  High Templar  
  119  8:19  Photon Cannon  
  121  8:20  Archon  
  121  8:26  Immortal  
  125  8:37  High Templar  
  127  8:50  Photon Cannon  
  127  8:51  Probe x2, High Templar  
  127  8:52  Probe  
  132  8:57  Archon  
  132  8:59  Assimilator  
  132  9:03  Pylon, Probe x2  
  132  9:05  Probe, Warp Prism  
  132  9:06  Assimilator, High Templar  
  139  9:13  Probe  
  139  9:15  Probe  
  141  9:17  Probe  
  141  9:18  Gateway  
  141  9:20  Photon Cannon  
  141  9:21  Nexus, High Templar  
  144  9:24  Photon Cannon  
  144  9:25  Probe  
  144  9:27  Probe  
  144  9:28  Pylon  
  144  9:29  Probe  
  147  9:38  Probe  
  147  9:39  Probe  
  147  9:41  Probe, Immortal  
  154  9:46  Psionic Storm  
  154  9:47  Probe, Protoss Ground Armor Level 1  
  154  9:48  Photon Cannon  
  154  9:50  Photon Cannon  
  154  9:51  Probe  
  156  9:54  Protoss Ground Weapons Level 1  
  156  10:01  Zealot  
  156  10:02  Zealot x3  
  156  10:04  Pylon, Zealot  
  160  10:12  Zealot  
  144  10:20  Observer  
  144  10:21  Zealot, High Templar  
  131  10:22  Zealot x2  
  131  10:24  Stalker  
  123  10:33  Adept  
  123  10:34  Sentry, Probe x2  
  115  10:39  Assimilator  
  115  10:41  Immortal  
  115  10:42  Zealot, Stalker  
  115  10:43  Assimilator  
  115  10:45  Stalker  
  115  10:47  Zealot  
  115  10:53  Zealot  
  115  10:55  Zealot  
  111  11:00  Pylon  
  111  11:02  High Templar  
  113  11:05  Zealot  
  113  11:07  Zealot, Stalker  
  113  11:08  Zealot  
  121  11:13  Archon  
  121  11:15  Zealot  
  123  11:21  Observer  
  123  11:23  Sentry  
  123  11:24  Adept  
  123  11:25  Photon Cannon  
  128  11:27  Adept  
  128  11:30  Zealot  
  132  11:34  Stalker  
  132  11:35  High Templar, Immortal  
  132  11:36  Photon Cannon  
  132  11:37  Zealot  
  138  11:42  Zealot, Photon Cannon  
  138  11:46  Sentry  
  146  11:47  Pylon  
  146  11:50  High Templar  
  148  11:55  Adept  
  148  11:57  Charge  
  148  11:58  Sentry, Stalker  
  148  12:00  Archon  
  153  12:03  Probe  
  153  12:07  Sentry  
  156  12:09  Zealot  
  156  12:11  Immortal  
  156  12:13  Photon Cannon  
  162  12:15  High Templar  
  162  12:17  Photon Cannon  
  162  12:21  High Templar, Stalker  
  162  12:22  Stalker  
  170  12:28  Stalker  
  172  12:30  Stalker  
  172  12:31  Archon  
  174  12:43  Stalker  
  174  12:44  High Templar  
  178  12:45  High Templar  
  178  12:48  Stalker  
  178  12:51  Nexus, Photon Cannon, Observer  
  183  12:53  Stalker  
  185  13:03  Robotics Facility  
  185  13:06  Stargate  
  185  13:13  Zealot x3  
  185  13:16  Zealot x2  
  185  13:18  Zealot  
  187  13:32  Stalker  
  193  13:37  Stalker  
  193  13:39  Stalker  
  193  13:40  High Templar  
  193  13:43  Adept  
  195  13:55  Robotics Facility  
  199  13:56  Sentry, Robotics Bay  
Tags
 
Composition
Zealot Archon
League
Silver
Matchup
PvZ
Spawn Locations
Cross Positions
Add a new tag
Caveats
  • Supply blocks, unpowered buildings, or Contaminate may cause inaccurate times.
  • Supply counts are checked every 10 seconds.